 Dungeon Crawl Stone Soup version 0.21.0-25-ge575cb9 (webtiles) character file.

2 tidbits the Insei (level 1, 8/23 HPs)
             Began as a Gnoll Monk on Jan 26, 2018.
             Quit the game on level 2 of the Dungeon.
             The game lasted 00:00:27 (46 turns).

tidbits the Insei (Gnoll Monk)                        Turns: 46, Time: 00:00:28

Health: 8/23       AC:  2    Str: 13    XL:     1   Next: 40%
Magic:  1/1        EV: 16    Int: 12    God:
Gold:   0          SH:  0    Dex: 17    Spells: 0/0 levels left

rFire    . . .     SeeInvis .     - Unarmed
rCold    . . .     Gourm    .   (no shield)
rNeg     . . .     Faith    .   a - +0 robe
rPois    .         Spirit   .   (no helmet)
rElec    .         Reflect  .   (no cloak)
rCorr    .         Harm     .   (no gloves)
MR       .....                  (no boots)
Stlth    +++.......             (no amulet)
HPRegen  0.07/turn              (no ring)
MPRegen  0.07/turn              (no ring)

@: lethally poisoned (8 -> -6)
A: distributed training, fangs 1, strong nose
a: no special abilities


You were on level 2 of the Dungeon.
You were not hungry.

You visited 1 branch of the dungeon, and saw 2 of its levels.

Inventory:

Armour
 a - a +0 robe (worn)
Scrolls
 c - a scroll of identify {unknown}
Comestibles
 b - a ration


   Skills:
 + Level 6.4 Fighting
 + Level 0.0 Short Blades
 + Level 0.0 Long Blades
 + Level 0.0 Axes
 + Level 0.0 Maces & Flails
 + Level 0.0 Polearms
 + Level 0.0 Staves
 + Level 0.0 Slings
 + Level 0.0 Bows
 + Level 0.0 Crossbows
 + Level 0.0 Throwing
 + Level 0.0 Armour
 + Level 6.4 Dodging
 + Level 4.0 Stealth
 + Level 0.0 Shields
 + Level 6.4 Unarmed Combat
 + Level 0.0 Spellcasting
 + Level 0.0 Conjurations
 + Level 0.0 Hexes
 + Level 0.0 Charms
 + Level 0.0 Summonings
 + Level 0.0 Necromancy
 + Level 0.0 Translocations
 + Level 0.0 Transmutations
 + Level 0.0 Fire Magic
 + Level 0.0 Ice Magic
 + Level 0.0 Air Magic
 + Level 0.0 Earth Magic
 + Level 0.0 Poison Magic
 + Level 0.1 Invocations
 + Level 0.0 Evocations


You couldn't memorise any spells.
You didn't know any spells.

Dungeon Overview and Level Annotations

Branches:
Dungeon (2/15)

Altars:


Innate Abilities, Weirdness & Mutations

Your experience applies equally to all skills.
You have very sharp teeth.
Your uncanny sense of smell can sniff out nearby items.


Message History

Welcome, tidbits the Gnoll Monk.
Will you be the one to retrieve the fabulous Orb of Zot from the depths?
Press ? for a list of commands and other information.
Found a scroll labeled XEF HOWKOPU and a ration.
Found a staircase leading out of the dungeon.
c - a scroll labeled XEF HOWKOPU You open the gate.
There is an open gate here.
Found a stone staircase leading down.
There is a stone staircase leading down here.
You climb downwards.
A quokka comes into view.
There is a stone staircase leading up here.
You punch the quokka!
You kill the quokka!
A rat and a jackal come into view.
Found 14 stones.
A bat and an adder come into view.
The jackal barks!
The adder hisses angrily.
The adder moves out of view.
Found 20 arrows.
The jackal bites you but does no damage.
You barely miss the jackal. The jackal barely misses you.
You hit the jackal.
The jackal is lightly wounded.
The jackal bites you but does no damage.
You hit the jackal.
The jackal is moderately wounded.
The jackal bites you.
You punch the jackal!
You kill the jackal!
You barely miss the adder. The adder barely misses you.
You hit the adder. You bite the adder, but do no damage.
The adder is severely wounded.
The adder bites you.
You are poisoned.
The adder poisons you! The adder closely misses you.
You barely miss the adder.
The adder is severely wounded.
You feel sick. The adder barely misses you.
You closely miss the adder.
The adder is severely wounded.
The adder bites you.
You barely miss the adder.
The adder is severely wounded.
The adder misses you.
You hit the adder but do no damage.
The adder is severely wounded.
You feel sick. The adder barely misses you.
You miss the adder.
The adder is severely wounded.
The adder closely misses you.
You barely miss the adder.
The adder is severely wounded.
The adder bites you.
You are more poisoned.
The adder poisons you! The adder bites you.
You are lethally poisoned!
The adder poisons you!
You barely miss the adder.
The adder is severely wounded.
* * * LOW HITPOINT WARNING * * *
You feel sick. The adder barely misses you.
You miss the adder.
The adder is heavily wounded.
* * * LOW HITPOINT WARNING * * *
You feel sick. The adder bites you.
* * * LOW HITPOINT WARNING * * *
You are too injured to fight recklessly!
You are too injured to fight recklessly!
You are too injured to fight recklessly!
You are too injured to fight recklessly!
You are too injured to fight recklessly!
You are too injured to fight recklessly!
You aren't carrying any potions.
You are too injured to fight recklessly!
Unknown command.
You aren't carrying any potions.
Unknown command.
Are you sure you want to abandon this character and quit the game? (Confirm with "yes".)

∆ # ## ##.#
##. .#. ..#..
... # #.#.##
######<#..##
#..........#
#.####@###....
#S# #.
#.r....(#
...##.⌠.##
##.. ∆..b... ∆
##. #(#.. #.
## . ##


You could see an adder and a rat.

Vanquished Creatures
  A jackal (D:2)
  A quokka (D:2)
2 creatures vanquished.

Notes
Turn   | Place    | Note
-------+----------+-------------------------------------------
     0 | D:1      | tidbits the Gnoll Monk began the quest for the Orb.
     0 | D:1      | Reached XP level 1. HP: 23/23 MP: 1/1
    46 | D:2      | Quit the game

Action                   || total
-------------------------++-------
Melee: Unarmed           ||    15
       Bite              ||     1
Armor: Robe              ||     2
Dodge: Dodged            ||     8

Table legend:
 A = Turns spent in this place as a percentage of turns spent in the entire game.
 B = Non-inter-level travel turns spent in this place as a percentage of non-inter-level travel turns spent in the entire game.
 C = Inter-level travel turns spent in this place as a percentage of turns spent in this place.
 D = Turns resting spent in this place as a percentage of non-inter-level travel turns spent in this place.
 E = Turns spent auto-exploring this place as a percentage of non-inter-level travel turns spent in this place.
 F = Non-inter-level travel turns spent in this place divided by the number of levels of this place that you've seen.
                   A       B       C       D       E      F
               +-------+-------+-------+-------+-------+----------------------
         Total | 100.0 | 100.0 |   0.0 |   0.0 |   0.0 |  23.0
       Dungeon | 100.0 | 100.0 |   0.0 |   0.0 |   0.0 |  23.0
               +-------+-------+-------+-------+-------+----------------------

Table legend:
 A = Kills in this place as a percentage of kills in entire the game.
 B = Kills by you in this place as a percentage of kills by you in the entire game.
 C = Kills by friends in this place as a percentage of kills by friends in the entire game.
 D = Other kills in this place as a percentage of other kills in the entire game.
 E = Experience gained in this place as a percentage of experience gained in the entire game.
 F = Experience gained in this place divided by the number of levels of this place that you have seen.
                   A       B       C       D       E      F
               +-------+-------+-------+-------+-------+----------------------
         Total | 100.0 | 100.0 |   N/A |   N/A | 100.0 |   2.0
       Dungeon | 100.0 | 100.0 |   N/A |   N/A | 100.0 |   2.0
               +-------+-------+-------+-------+-------+----------------------

Vault maps used:
D:1:      dpeg_arrival_windows_large_door
D:2:      lemuel_zombie_altar_yredelemnul, minmay_pentomino_u4, uniq_jessica,
          uniq_sigmund
